 Dungeon Crawl Stone Soup version 0.24.0-37-gcf1ca852f1 (webtiles) character file.

Game seed: 14066516834963566773, levelgen mode: deterministic

631 PentaManta the Ducker (level 7, -8/41 HPs)
             Began as a Gargoyle Monk on Dec 2, 2019.
             Mangled by an ogre
             ... wielding a +0 giant club
              (16 damage)
             ... on level 3 of the Dungeon.
             The game lasted 00:09:04 (3666 turns).

PentaManta the Ducker (Gargoyle Monk)               Turns: 3666, Time: 00:09:05

Health: -8/41      AC: 10    Str: 16    XL:     7   Next: 48%
Magic:  7/7        EV: 13    Int: 11    God:
Gold:   85         SH:  0    Dex: 12    Spells: 6/6 levels left

rFire    . . .     SeeInvis .   e - +2 whip (holy)
rCold    . . .     Gourm    .   (no shield)
rNeg     + . .     Faith    .   k - +0 ring mail
rPois    ∞         Spirit   .   (no helmet)
rElec    +         Reflect  .   r - +0 cloak
rCorr    .         Harm     .   (no gloves)
MR       .....                  (no boots)
Stlth    +.........             d - amulet of rage
HPRegen  0.13/turn              (no ring)
MPRegen  0.10/turn              (no ring)

@: no status effects
A: negative energy resistance 1, electricity resistance, unbreathing,
petrification resistance, rot immunity, AC +4
a: Evoke Berserk Rage


You were on level 3 of the Dungeon.
You were not hungry.

You visited 1 branch of the dungeon, and saw 4 of its levels.

You collected 126 gold pieces.
You spent 41 gold pieces at shops.

Inventory:

Hand Weapons
 e - a +2 whip of holy wrath (weapon)
 s - a +1 dagger of venom
 t - a +0 flail
Missiles
 n - a throwing net (quivered)
 p - 3 poisoned darts
Armour
 k - a +0 ring mail (worn)
 m - a +1 plate armour
 r - a +0 cloak (worn)
 u - a +0 chain mail
Jewellery
 d - an amulet of rage (around neck)
Scrolls
 b - a scroll of blinking
 g - 2 scrolls of remove curse
 l - a scroll of amnesia
 x - a scroll of enchant armour
Potions
 a - a potion of agility {unknown}
 h - 2 potions of heal wounds {unknown}
 i - 2 potions of mutation {unknown}
 j - 3 potions of resistance {unknown}
 o - 2 potions of degeneration {unknown}
 q - 2 potions of ambrosia {unknown}
 w - 3 potions of brilliance
 z - 2 potions of invisibility {unknown}
Comestibles
 c - 7 rations
 f - 2 chunks of flesh


   Skills:
 - Level 3.2 Fighting
 + Level 5.4 Maces & Flails
 + Level 0.1 Armour
 + Level 5.9 Dodging
 - Level 2.1 Stealth


You had 6 spell levels left.
You didn't know any spells.
Your spell library was empty.

Dungeon Overview and Level Annotations

Branches:
Dungeon (4/15)
 Temple: D:4-7

Altars:
Cheibriados
Ru
Sif Muna

Shops:
D:4 *


Innate Abilities, Weirdness & Mutations

You are resistant to torment.
Your stone body is resilient. (AC +4)
You are immune to poison.
You resist negative energy. (rN+)
You are resistant to electric shocks. (rElec)
You can survive without breathing.
You are immune to petrification.
You are immune to rotting.


Message History

You hit the ogre.
The ogre is moderately wounded.
You barely miss the ogre.
The ogre is moderately wounded.
The ogre hits you with a +0 giant club!
You hit the ogre.
The ogre is severely wounded.
You hit the ogre.
The ogre is almost dead.
The ogre hits you with a +0 giant club!
* * * LOW HITPOINT WARNING * * *
You hit the ogre.
The ogre is almost dead.
The ogre barely misses you.
You hit the ogre but do no damage.
The ogre is almost dead.
You hit the ogre.
The ogre is almost dead.
The ogre hits you with a +0 giant club!
You die...

#.###..##.## #..# #.# ######
#..........# ##.# #.# #.(..(
#######..#.## #.# #.# #.(...
#..........# #.# #.# #...(.
#.######.### #.# #.# #♣....
......##.# #.# #.# #..(..
#.###.##.## #.# #.# #(...(
#.##......## #.# #.# #.....
#....#.....# #@# #.# ######
##.........#####O######.# #..#
..........<....gg.......######..#
#........#...###.>..............#
#.#..........# ################.#
#.#.#######.## #.# #(####.{.##.#
#.# #.####≈≈≈##.# #.#
#...##...##.# #.#


You could see an ogre and 2 gnolls.

Vanquished Creatures
  2 phantoms
  A scorpion (D:4)
  The ghost of barcode the Magician, a weakling BaWz (D:3)
  An orc priest (D:4)
  A gnoll shaman (D:3)
  3 orc wizards
  A worker ant (D:4)
  6 adders
  5 gnolls
  2 worms (D:2)
  5 dart slugs
  2 leopard geckos (D:2)
  9 orcs
  4 giant cockroaches
  7 goblins
  5 hobgoblins
  6 jackals
  A quokka (D:3)
  8 bats
  7 frilled lizards
  2 kobolds (D:1)
  9 rats
88 creatures vanquished.

Notes
Turn   | Place    | Note
-------+----------+-------------------------------------------
     0 | D:1      | PentaManta the Gargoyle Monk began the quest for the Orb.
     0 | D:1      | Reached XP level 1. HP: 14/14 MP: 1/1
   625 | D:1      | Reached XP level 2. HP: 17/19 MP: 2/2
   914 | D:2      | Reached XP level 3. HP: 15/23 MP: 3/3
  1426 | D:2      | Reached XP level 4. HP: 28/28 MP: 4/4
  1556 | D:2      | You fall into a shaft and drop 1 floor!
  1557 | D:3      | Found a shimmering blue altar of Sif Muna.
  1917 | D:2      | Found a sacrificial altar of Ru.
  1926 | D:2      | Reached XP level 5. HP: 29/32 MP: 5/5
  2134 | D:3      | Found a snail-covered altar of Cheibriados.
  2564 | D:3      | Noticed barcode's ghost (weakling BaWz)
  2565 | D:3      | Found a runed translucent gate.
  2566 | D:3      | Found a runed translucent gate.
  2566 | D:3      | Found a runed translucent gate.
  2578 | D:3      | Killed barcode's ghost
  2578 | D:3      | Reached XP level 6. HP: 31/37 MP: 6/6
  2813 | D:4      | Noticed a phantom
  2813 | D:4      | Noticed a phantom
  2846 | D:3      | Killed a phantom
  2846 | D:3      | Reached skill level 5 in Dodging
  2877 | D:4      | Killed a phantom
  2891 | D:4      | Reached XP level 7. HP: 30/41 MP: 7/7
  2934 | D:4      | Reached skill level 5 in Maces & Flails
  3127 | D:4      | Found Netziaf's Assorted Antiques.
  3134 | D:4      | Bought a scroll labeled LUANOC MONLANG for 22 gold pieces
  3134 | D:4      | Bought a coppery potion for 19 gold pieces
  3666 | D:3      | Mangled by an ogre

Levels and vault maps discovered:
D:1:      giann_horns, layout_basic, minmay_misc_feat_more_columns,
          minmay_pentomino_o2
D:2:      layout_loops_cross, first_ration, nicolae_ru_great_annihilating_truth
D:3:      layout_loops_ring, overflow_temple_1_default, led_sif_book,
          ebering_ghost_rock_garden, kennysheep_generic_room_4
D:4:      layout_basic, serial_forest, infiniplex_forest_3_way,
          infiniplex_forest_clump_curved, infiniplex_forest_lined_corner,
          infiniplex_forest_clump_small, infiniplex_forest_3_way,
          infiniplex_forest_clump_double, serial_shops, shop,
          minmay_ruined_shrine

Skill      XL: |  1  2  3  4  5  6  7 |
---------------+----------------------+-----
Dodging        | 3 4 5 |  5.9
Maces & Flails | 4 5 |  5.4
Fighting       | |  3.2
Armour         | |  0.1
Stealth        | |  2.1

Action                   |  1- 3 |  4- 6 |  7- 9 || total
-------------------------+-------+-------+-------++-------
Melee: Whip              |    90 |   213 |   122 ||   425
       Mace              |     2 |       |       ||     2
       Dagger            |       |       |    26 ||    26
Throw: Throwing net      |       |       |     1 ||     1
  Use: Scroll            |       |     5 |     3 ||     8
       Potion            |       |       |     3 ||     3
 Stab: Sleeping          |     3 |     1 |       ||     4
       Paralysed         |       |     1 |       ||     1
  Eat: Chunk             |     1 |     6 |     2 ||     9
Armor: Robe              |    13 |       |       ||    13
       Ring mail         |     9 |    92 |    39 ||   140
Dodge: Dodged            |    56 |   132 |   102 ||   290
